 Dungeon Crawl Stone Soup version 0.30.0-29-ga12c61a403 (webtiles) character file.

Game seed: 12585521266720071531

3083 qw the Fighter (level 9, -3/68 HPs)
             Began as a Gargoyle Fighter on June 3, 2023.
             Was an Initiate of Okawaru.
             Slain by a yak (7 damage)
             ... on level 7 of the Dungeon.
             The game lasted 00:02:46 (5750 turns).

qw the Fighter (Gargoyle Fighter)                   Turns: 5750, Time: 00:02:46

Health: -3/68      AC: 19    Str: 23    XL:     9   Next: 89%
Magic:  9/9        EV:  9    Int: 10    God:    Okawaru [......]
Gold:   253        SH:  5    Dex: 15    Spells: 8/8 levels left

rFire   . . .        Y - +1 war axe
rCold   . . .        c - +0 buckler
rNeg    + . .        o - +0 chain mail
rPois   inf          n - +0 helmet
rElec   +            (no cloak)
rCorr   .            f - +0 pair of gloves
SInv    .            e - +0 pair of boots
Will    .....        (no amulet) Stlth
                     s - +6 ring of dexterity
HPRegen 0.31/turn    (no ring)
MPRegen 0.11/turn

%: no passive effects
@: about to teleport
A: sickness immunity, AC +6, negative energy resistance 1, electricity
resistance, torment resistance 1, petrification resistance
a: Renounce Religion


You were on level 7 of the Dungeon.
You worshipped Okawaru.
Okawaru was noncommittal.
You visited 2 branches of the dungeon, and saw 9 of its levels.

You collected 253 gold pieces.


Innate Abilities, Weirdness & Mutations

You are immune to sickness and miasma.
Your stone body is resilient. (AC +6)
You are immune to poison.
You resist negative energy. (rN+)
You are resistant to electric shocks. (rElec)
You are resistant to unholy torment.
You are immune to petrification.


   Skills:
 - Level 13.9 Fighting
 + Level 8.1 Axes
 - Level 2.0 Throwing
 - Level 4.1 Armour
 - Level 2.3 Dodging
 - Level 3.2 Shields


You had 8 spell levels left.
You didn't know any spells.
Your spell library was empty.

Inventory:

Hand Weapons
 b - a +0 morningstar
 Y - a +1 war axe (weapon)
Missiles
 q - 6 boomerangs (quivered)
Armour
 c - a +0 buckler (worn)
 e - a +0 pair of boots (worn)
 f - a +0 pair of gloves (worn)
 n - a +0 helmet (worn)
 o - a +0 chain mail (worn)
Jewellery
 s - a +6 ring of dexterity (left hand)
Scrolls
 a - a scroll of identify
 h - 5 scrolls of teleportation
Potions
 d - a potion of might
 g - a potion of resistance
 i - 2 potions of heal wounds
 j - 2 potions of lignification
 l - 5 potions of curing
 m - a potion of brilliance {unknown}
 p - 3 potions of mutation

Dungeon Overview and Level Annotations

Branches:
Dungeon (8/15)             Temple (1/1) D:7
   Lair: D:8-11

Altars:
Ashenzari
Cheibriados
Dithmenos
Elyvilon
Fedhas
Gozag
Hepliaklqana
Kikubaaqudgha
Makhleb
Nemelex Xobeh
Okawaru
Qazlal
Ru
Sif Muna
Trog
Uskayaw
Vehumet
Wu Jian
Yredelemnul


Message History

5743 ||| STAIRDANCE The kobold shouts!
The kobold hits you but does no damage. The yak barely misses you.
The yak gores you but does no damage. The yak gores you.
The kobold hits you but does no damage.
You climb upwards.
There is a stone staircase leading down here.
You hit the yak.
The yak is lightly wounded.
You closely miss the kobold. You hit the kobold but do no damage.
You hit the yak. You slash the yak! The yak gores you!
The yak gores you but does no damage.
The kobold hits you but does no damage. x2; You block the yak's attack.
You hit the yak.
The yak is moderately wounded.
You completely miss the yak. You closely miss the kobold. You slash the kobold!
You kill the kobold!
Okawaru accepts your kill.
You hit the yak. The yak closely misses you.
The yak gores you but does no damage. The yak gores you!
The kobold hits you but does no damage.
You hit the yak.
The yak is heavily wounded.
You hit the yak but do no damage. x2; You slash the kobold!
You kill the kobold!
The yak gores you but does no damage. The yak misses you.
The yak gores you but does no damage.
You slash the yak!
The yak is severely wounded.
You slash the yak! You barely miss the yak. The yak barely misses you.
The yak gores you! x2
You barely miss the yak.
The yak is severely wounded.
You hit the yak. You slash the yak! The yak gores you!
You block the yak's attack. The yak gores you!
5750 ||| READING 6 scrolls of teleportation.
As you read the scroll of teleportation, it crumbles to dust.
You feel strangely unstable. The yak gores you but does no damage.
The yak gores you!
You die...

.####### ##.## #...#
.......# #...###..##
#.####.#####.....#..#
#.# #.......[......#
..# ###########.##.###
### #...........# .#
#.####.##.#.# .# #.#
##Y##.#.# '#
#.###)@Y#.#.# .###
##.##.Y))..#.# ...#
#..........#.# ...#
#..##......#.#
...#######..###...###.#
...'........# ###.# #.#
^..########.# #.# #.#
...#........# #.# #.#
...####8>8..#####.###.#


You could see 3 yaks.

Vanquished Creatures
  A shadow (D:7)
  A wyvern (D:5)
  Duvessa (D:6)
  2 ice beasts (D:7)
  A black bear (D:7)
  2 ogres
  A centaur (D:5)
  2 kobold brigands
  2 scorpions
  9 wights (D:7)
  Dowan (D:6)
  4 killer bees (D:7)
  9 hounds
  A gnoll bouda (D:4)
  An orc priest (D:6)
  4 iguanas
  4 sleepcaps
  3 orc wizards
  Robin (D:3)
  6 adders
  8 gnolls
  2 ufetubi
  3 worms
  2 dart slugs (D:1)
  18 orcs
  8 endoplasms
  2 giant cockroaches
  22 goblins
  12 hobgoblins
  4 jackals
  3 quokkas
  6 ball pythons
  5 bats
  3 frilled lizards
  22 kobolds
  2 rats
178 creatures vanquished.

Notes
Turn   | Place    | Note
-------+----------+-------------------------------------------
     0 | D:1      | qw the Gargoyle Fighter began the quest for the Orb.
     0 | D:1      | Reached XP level 1. HP: 14/14 MP: 1/1
     0 | D:1      | 0 ||| qw: Version: 0.2-a-103-g3a7daa1
     0 | D:1      | 0 ||| qw: Game counter: 965
     0 | D:1      | 0 ||| qw: Always use a shield: true
     0 | D:1      | 0 ||| qw: God list: Okawaru
     0 | D:1      | 0 ||| qw: Allow faded altars: false
     0 | D:1      | 0 ||| qw: Do Orc after D:15 true
     0 | D:1      | 0 ||| qw: Do second Lair branch before Depths: true
     0 | D:1      | 0 ||| qw: Lair rune preference: random
     0 | D:1      | 0 ||| qw: Plans: Normal, Zot:1-4, Slime:5, God:TSO, Crypt,
                  | Tomb, Pan, Hells, Abyss, Win
     0 | D:1      | 0 ||| PLANNING D:1-11
   184 | D:1      | Reached XP level 2. HP: 19/19 MP: 2/2
   255 | D:1      | 255 ||| Stepping ~*~*~tactically~*~*~ (hiding).
   832 | D:1      | Reached skill level 3 in Axes
   932 | D:1      | 932 ||| UPGRADING to +0 pair of boots.
   937 | D:1      | 937 ||| READING 3 scrolls labelled MODATHREGODA.
   938 | D:1      | 938 ||| READING scroll labelled XUSUME TEDA.
   939 | D:1      | 939 ||| READING 2 scrolls labelled MOXEEGRAEN.
   943 | D:1      | 943 ||| READING scroll labelled WUUXEI BERCH.
   944 | D:1      | 944 ||| READING scroll labelled ZICKULIKHO.
  1060 | D:2      | 1060 ||| STAIRDANCE
  1081 | D:2      | Reached XP level 3. HP: 23/23 MP: 3/3
  1088 | D:2      | Identified the ring "Syorch" {Wiz rElec Int+2}
  1253 | D:2      | Found a faded altar of an unknown god.
  1335 | D:2      | 1335 ||| Stepping ~*~*~tactically~*~*~ (stealth).
  1337 | D:2      | 1337 ||| Stepping ~*~*~tactically~*~*~ (stealth).
  1656 | D:2      | 1656 ||| UPGRADING to +0 helmet.
  1661 | D:2      | 1661 ||| DROPPING ring "Syorch" {Wiz rElec Int+2}.
  1662 | D:2      | 1662 ||| DRINKING 2 ruby potions.
  1663 | D:2      | 1663 ||| DRINKING 2 fuming inky potions.
  1710 | D:2      | 1710 ||| READING 2 scrolls of identify.
  1710 | D:2      | 1710 ||| IDENTIFYING bubbling brown potion
  1711 | D:2      | 1711 ||| DROPPING potion of invisibility.
  1769 | D:3      | 1769 ||| Stepping ~*~*~tactically~*~*~ (stealth).
  1770 | D:3      | 1770 ||| Stepping ~*~*~tactically~*~*~ (stealth).
  1795 | D:3      | Reached XP level 4. HP: 28/28 MP: 4/4
  1796 | D:3      | 1796 ||| DROPPING +0 club.
  1984 | D:3      | 1984 ||| Stepping ~*~*~tactically~*~*~ (stealth).
  1986 | D:3      | 1986 ||| Stepping ~*~*~tactically~*~*~ (stealth).
  1993 | D:3      | Noticed Robin
  2002 | D:3      | Killed Robin
  2006 | D:3      | 2006 ||| Stepping ~*~*~tactically~*~*~ (stealth).
  2007 | D:3      | 2007 ||| Stepping ~*~*~tactically~*~*~ (stealth).
  2237 | D:3      | 2237 ||| Stepping ~*~*~tactically~*~*~ (stealth).
  2238 | D:3      | 2238 ||| Stepping ~*~*~tactically~*~*~ (stealth).
  2239 | D:3      | 2239 ||| Stepping ~*~*~tactically~*~*~ (stealth).
  2246 | D:3      | Reached XP level 5. HP: 31/32 MP: 5/5
  2275 | D:3      | 2275 ||| Stepping ~*~*~tactically~*~*~ (stealth).
  2278 | D:3      | 2278 ||| Stepping ~*~*~tactically~*~*~ (stealth).
  2398 | D:3      | 2398 ||| UPGRADING to +0 chain mail.
  2408 | D:3      | 2408 ||| DROPPING +0 scale mail.
  2409 | D:3      | 2409 ||| UPGRADING to +6 ring of dexterity.
  2410 | D:3      | 2410 ||| READING scroll labelled DAEKOM YNIOLEZ.
  2411 | D:3      | 2411 ||| READING scroll labelled KYSIEDE YWNA.
  2412 | D:3      | 2412 ||| DRINKING 2 sapphire potions.
  2413 | D:3      | 2413 ||| READING 2 scrolls of identify.
  2413 | D:3      | 2413 ||| IDENTIFYING green potion
  2602 | D:4      | 2602 ||| DROPPING +0 flail.
  2646 | D:4      | 2646 ||| Stepping ~*~*~tactically~*~*~ (stealth).
  2648 | D:4      | 2648 ||| Stepping ~*~*~tactically~*~*~ (stealth).
  2703 | D:4      | Noticed an ogre
  2712 | D:4      | Killed an ogre
  2713 | D:4      | Reached XP level 6. HP: 17/37 MP: 6/6
  3093 | D:4      | 3093 ||| READING scroll labelled QUSUNA SOXUMEWA.
  3094 | D:4      | 3094 ||| READING 2 scrolls of identify.
  3094 | D:4      | 3094 ||| IDENTIFYING murky puce potion
  3095 | D:4      | 3095 ||| DRINKING potion of experience.
  3095 | D:4      | Reached skill level 13 in Fighting
  3095 | D:4      | Reached XP level 7. HP: 58/58 MP: 7/7
  3117 | D:5      | Entered Level 5 of the Dungeon
  3130 | D:5      | 3130 ||| STAIRDANCE
  3216 | D:5      | Identified the +0 robe of the Northern Lights {rN+ Will+
                  | Str+6 Stlth-}
  3238 | D:5      | Identified the +8 short sword of Dissent {venom, Str+6
                  | Int+3 SInv}
  3246 | D:5      | 3246 ||| Stepping ~*~*~tactically~*~*~ (hiding).
  3262 | D:5      | Reached XP level 8. HP: 57/64 MP: 8/8
  3366 | D:5      | Noticed a wyvern
  3375 | D:5      | Killed a wyvern
  3376 | D:5      | Reached skill level 6 in Axes
  3665 | D:5      | Found a sparkling altar of Nemelex Xobeh.
  3884 | D:5      | 3884 ||| UPGRADING to +0 pair of gloves.
  3889 | D:5      | 3889 ||| READING scroll labelled JYIMU QEWOO.
  3890 | D:5      | 3890 ||| READING scroll labelled FIS PIOPAED.
  3891 | D:5      | 3891 ||| READING 2 scrolls of identify.
  3891 | D:5      | 3891 ||| IDENTIFYING glowing inky potion
  4052 | D:6      | 4052 ||| Stepping ~*~*~tactically~*~*~ (hiding).
  4081 | D:6      | Reached skill level 1 in Throwing
  4123 | D:6      | Noticed Duvessa
  4124 | D:6      | Noticed Dowan
  4140 | D:6      | Killed Dowan
  4142 | D:6      | Killed Duvessa
  4408 | D:6      | 4408 ||| READING 2 scrolls of identify.
  4408 | D:6      | 4408 ||| IDENTIFYING fizzy golden potion
  4409 | D:6      | 4409 ||| DROPPING potion of degeneration.
  4426 | D:7      | 4426 ||| Stepping ~*~*~tactically~*~*~ (hiding).
  4483 | D:7      | Noticed a shadow
  4484 | D:7      | 4484 ||| Stepping ~*~*~tactically~*~*~ (hiding).
  4489 | D:7      | Reached XP level 9. HP: 68/68 MP: 9/9
  4629 | D:7      | 4629 ||| Stepping ~*~*~tactically~*~*~ (stealth).
  4767 | D:7      | 4767 ||| Stepping ~*~*~tactically~*~*~ (stealth).
  4798 | D:7      | HP: 17/68 [killer bee (2)]
  4799 | D:7      | 4799 ||| READING 7 scrolls of teleportation.
  4800 | D:7      | 4800 ||| DRINKING 3 potions of heal wounds.
  5053 | D:7      | Found a staircase to the Ecumenical Temple.
  5054 | D:7      | 5054 ||| PLANNING TEMPLE
  5058 | Temple   | Entered the Ecumenical Temple
  5059 | Temple   | 5059 ||| PLANNING OKAWARU WORSHIP
  5239 | Temple   | Became a worshipper of Warmaster Okawaru
  5239 | Temple   | 5239 ||| PLANNING D:1-11
  5639 | D:8      | 5639 ||| STAIRDANCE
  5743 | D:8      | 5743 ||| STAIRDANCE
  5749 | D:7      | HP: 14/68 [yak (8)]
  5749 | D:7      | HP: 4/68 [yak (10)]
  5750 | D:7      | 5750 ||| READING 6 scrolls of teleportation.
  5750 | D:7      | Slain by a yak

Levels and vault maps discovered:
D:1:      eino_arrival_water_cross, layout_loops_corners
D:2:      minmay_spotlight, layout_rooms, shapermc_ecumenical_altar_venn,
          kennysheep_generic_room_15
D:3:      kennysheep_goblin_castle, layout_rooms
D:4:      layout_cave_pools, chequers_serial_rivers_micro_e,
          minmay_misc_feat_tower
D:5:      layout_loops_ring, mainiacjoe_overflow_six_doors_small,
          minmay_statues_item
D:6:      layout_cave_pools, kennysheep_another_room, uniq_duvessa
D:7:      nicolae_cairo_tiling_very_big, layout_loops_ring, temple_statues,
          lightli_bailey_entry_fortress
D:8:      layout_cave_pools, zin_scriptorium, erik_lair_orcish_takeover,
          minmay_bent, uniq_erica, uniq_gastronok, uniq_amaemon
Temple:   eino_narrow_crystal_temple

Skill      XL: |  1  2  3  4  5  6  7  8  9 |
---------------+----------------------------+-----
Axes           | 2 3 4 5 6 8 |  8.1
Dodging        | 2 |  2.3
Fighting       | 13 | 13.9
Throwing       | 1 2 |  2.0
Armour         | 4 |  4.1
Shields        | |  3.2

Action                     |  1- 3 |  4- 6 |  7- 9 || total
---------------------------+-------+-------+-------++-------
  Melee: War axe           |   112 |    94 |   273 ||   479
  Throw: Boomerang         |       |    22 |    22 ||    44
         Javelin           |       |       |    15 ||    15
    Use: Scroll            |     6 |     5 |     6 ||    17
         Potion            |     2 |     2 |     1 ||     5
 Armour: Scale mail        |    49 |    29 |       ||    78
         Chain mail        |       |    19 |   228 ||   247
  Dodge: Dodged            |    53 |    27 |   127 ||   207
  Block: Buckler           |    20 |    20 |    91 ||   131

Table legend:
 A = Non-vault XP
 B = Vault XP
 C = Vault XP percentage of total XP
 D = Non-vault monster count
 E = Vault monster count
 F = Vault count percentage of total count
                 A         B        C        D         E       F
            +---------+---------+-------+---------+---------+-------
      Total |    3615 |     374 |   9.4 |     138 |      40 |  22.5
            +---------+---------+-------+---------+---------+-------
        D:1 |      33 |       0 |   0.0 |      18 |       0 |   0.0
        D:2 |      10 |      15 |  60.0 |       6 |       6 |  50.0
        D:3 |      52 |      65 |  55.6 |      22 |      20 |  47.6
        D:4 |     308 |       0 |   0.0 |      14 |       0 |   0.0
        D:5 |     838 |       0 |   0.0 |      22 |       0 |   0.0
        D:6 |     385 |     216 |  35.9 |      15 |       2 |  11.8
        D:7 |    1886 |      78 |   4.0 |      32 |      12 |  27.3
        D:8 |     103 |       0 |   0.0 |       9 |       0 |   0.0
            +---------+---------+-------+---------+---------+-------
